 Dungeon Crawl Stone Soup version 0.32-a0-172-gc5dd13f (webtiles) character file.

Game seed: 6610425280783794676

19992 Dorkslayer the Basher (level 12, -4/104 HPs)
             Began as a Hill Orc Fighter on Feb 11, 2024.
             Was a Priest of the Shining One.
             Incinerated by a deep elf pyromancer (12 damage)
             ... with a pyre arrow
             ... on level 13 of the Dungeon on Feb 12, 2024.
             The game lasted 00:38:38 (13001 turns).

Dorkslayer the Basher (Hill Orc Fighter)           Turns: 13001, Time: 00:38:39

Health: -4/104     AC: 22    Str: 22    XL:     12   Next: 74%
Magic:  18/18      EV:  8    Int:  8    God:    the Shining One [***...]
Gold:   1331       SH: 12    Dex: 12    Spells: 11/11 levels left

rFire   . . .        x - +4 flail
rCold   . . .        c - +1 buckler
rNeg    + . .        D - +4 plate armour
rPois   +            z - +1 helmet
rElec   .            d - +1 cloak
rCorr   .            (no gloves)
SInv    .            (no boots)
Will    .....        o - amulet of reflection Stlth
                     i - ring of flight
HPRegen 0.37/turn    p - ring of poison resistance
MPRegen 0.16/turn

%: reflection
@: on fire, flying, hasted and slowed, glowing
A: no striking features
a: Renounce Religion, Divine Shield, Cleansing Flame


You were on level 13 of the Dungeon.
You worshipped the Shining One.
The Shining One was most pleased with you.
You visited 2 branches of the dungeon, and saw 14 of its levels.

You collected 1331 gold pieces.

Inventory:

Hand Weapons
 n - a +0 broad axe
 v - a +0 broad axe
 x - a +4 flail (weapon)
 C - a +1 antimagic morningstar
Missiles
 y - 6 boomerangs (quivered)
Armour
 c - a +1 buckler (worn)
 d - a +1 cloak (worn)
 z - a +1 helmet (worn)
 D - a +4 plate armour (worn)
Jewellery
 b - a ring of willpower
 i - a ring of flight (left hand)
 o - an amulet of reflection (around neck)
 p - a ring of poison resistance (right hand)
Wands
 r - a wand of flame (24)
 B - a wand of mindburst (4)
Scrolls
 e - 2 scrolls of immolation
 h - 7 scrolls of teleportation
 m - a scroll of revelation
 q - 2 scrolls of amnesia
 s - 2 scrolls of poison
 t - 2 scrolls of silence
 u - 2 scrolls of fear
 w - a scroll of enchant armour
Potions
 a - 3 potions of brilliance
 f - 3 potions of curing
 g - a potion of magic
 j - 2 potions of enlightenment
 l - a potion of mutation {unknown}
 E - a potion of might


   Skills:
 + Level 9.1 Fighting
 + Level 7.5(11.3) Axes
 + Level 11.1(11.8) Maces & Flails
 + Level 8.4 Armour
 * Level 5.5 Dodging
 + Level 0.8 Stealth
 + Level 8.9 Shields
 * Level 8.2 Invocations
 * Level 7.9 Evocations


You had 11 spell levels left.
You didn't know any spells.
Your spell library contained the following spells:

 Spells                   Type           Power      Damage    Failure   Level
 Volatile Blastmotes      Fire/Tloc      0%         2d10      100%        3
 Fulminant Prism          Conj/Alch      0%         3d5       100%        4
 Iskenderun's Mystic Bla  Conj/Tloc      0%         2d3       100%        4
 Vhi's Electric Charge    Tloc/Air       0%         N/A       100%        4
 Arcjolt                  Conj/Air       0%         1d10      100%        5
 Maxwell's Capacitive Co  Air            0%         ∞         100%        8


Dungeon Overview and Level Annotations

Branches:
Dungeon (13/15)            Temple (1/1) D:6            Lair (0/5) D:11
    Orc (0/2) D:12
 Vaults: D:13-14

Altars:
Ashenzari
Cheibriados
Dithmenos
Elyvilon
Fedhas
Gozag
Hepliaklqana
Kikubaaqudgha
Makhleb
Nemelex Xobeh
Okawaru
Qazlal
Ru
Sif Muna
Trog
Uskayaw
Vehumet
Wu Jian
Xom
Yredelemnul
Zin
The Shining One
Lugonu

Shops:
D:9 [   D:11 =

Portals:
Abyss: D:7


Message History

* * * LOW HITPOINT WARNING * * *
The deep elf pyromancer hits you but does no damage.
You barely miss the deep elf pyromancer.
The deep elf pyromancer is moderately wounded.
The liquid fire burns you!
* * * LOW HITPOINT WARNING * * *
The deep elf pyromancer hits you but does no damage.
You barely miss the deep elf pyromancer.
The deep elf pyromancer is moderately wounded.
The liquid fire burns you!
* * * LOW HITPOINT WARNING * * *
You block the deep elf pyromancer's attack.
The deep elf pyromancer gestures at you while chanting.
The pyre arrow hits you.
You are even more covered in intense liquid fire!
You feel much better. The liquid fire burns you!
* * * LOW HITPOINT WARNING * * *
The deep elf pyromancer hits you but does no damage.
Unknown command.
You shake off some of the fire as you move.
The liquid fire burns you!
* * * LOW HITPOINT WARNING * * *
The deep elf pyromancer hits you with a +0 long sword.
* * * LOW HITPOINT WARNING * * *
The deep elf pyromancer casts a spell.
The deep elf pyromancer blinks!
You see here 2 large rocks.
You feel much better. The liquid fire burns you!
* * * LOW HITPOINT WARNING * * *
You block the deep elf pyromancer's attack.
You feel better. The liquid fire burns you!
* * * LOW HITPOINT WARNING * * *
The deep elf pyromancer barely misses you.
You block the deep elf pyromancer's attack.
You feel yourself speed up. The liquid fire burns you!
You die...

#....# #...#....#
#....# #...#....#
.....# #...#....#
#'########...#....#
)............#....#
)..).........#....#
.....).......#....#
.............#.e..#
.............#..@.#
##########...#....#
.........#..(#....#
.........'...#....#
.........#...#....#
#...##..##...#....#
#...##..######....#
.<...........#....#
.............#....####


You could see a deep elf pyromancer.

Vanquished Creatures
  Fannar (D:11)
  A hydra (D:13)
  2 centaur warriors
  A two-headed ogre (D:9)
  Erica (D:12)
  Amaemon (D:12)
  Pikel (D:9)
  2 ugly things (D:13)
  A deep elf pyromancer (D:12)
  2 cyclopes
  A manticore (D:11)
  Joseph (D:8)
  3 meliai (D:13)
  Maggie (D:6)
  An unseen horror (D:12)
  An orange demon (D:11)
  2 komodo dragons
  2 kobold demonologists
  Psyche (D:12)
  3 trolls
  2 slime creatures
  A vampire (D:11)
  2 shadows (D:12)
  2 wraiths
  A water elemental (D:11)
  2 steam dragons
  Eustachio (D:6)
  8 yaks
  3 basilisks
  6 vampire mosquitoes
  Menkaure (D:6)
  Edmund (D:5)
  Duvessa (D:6)
  An acid dragon (D:10)
  2 water moccasins (D:12)
  5 orc warriors (D:8)
  A sky beast (D:6)
  A black bear (shapeshifter) (D:13)
  4 ogres
  5 centaurs
  4 lemures (D:9)
  2 kobold brigands
  6 bullfrogs
  A gnoll sergeant (D:8)
  A scorpion (D:5)
  7 wights
  Dowan (D:6)
  4 killer bees (D:7)
  2 electric eels
  9 howler monkeys
  9 jellies
  Crazy Yiuf (D:3)
  11 orc priests
  4 iguanas
  22 orc wizards
  8 gnolls
  4 adders
  A white imp (D:6)
  2 ufetubi (D:3)
  A ribbon worm (D:2)
  4 dart slugs
  54 orcs
  20 endoplasms
  A giant cockroach (D:1)
  6 goblins
  4 hobgoblins
  5 quokkas
  7 ball pythons
  3 bats
  3 frilled lizards
  20 kobolds
306 creatures vanquished.

Vanquished Creatures (others)
  A yak (D:12)
  A lurking horror (D:7)
2 creatures vanquished.

Grand Total: 308 creatures vanquished

Notes
Turn   | Place    | Note
-------+----------+-------------------------------------------
     0 | D:1      | Dorkslayer the Hill Orc Fighter began the quest for the
                  | Orb.
     0 | D:1      | Reached XP level 1. HP: 19/19 MP: 1/1
    51 | D:1      | Reached XP level 2. HP: 19/27 MP: 2/2
   319 | D:1      | Reached XP level 3. HP: 23/33 MP: 3/3
   861 | D:2      | Reached XP level 4. HP: 27/40 MP: 4/4
  1571 | D:3      | Reached skill level 5 in Axes
  1571 | D:3      | Reached XP level 5. HP: 30/47 MP: 5/5
  1926 | D:3      | Found a faded altar of an unknown god.
  2101 | D:3      | Found a runed translucent door.
  2105 | D:3      | Noticed Crazy Yiuf
  2136 | D:3      | Killed Crazy Yiuf
  2389 | D:4      | Noticed an ogre
  2397 | D:4      | Killed an ogre
  2398 | D:4      | Reached XP level 6. HP: 9/53 MP: 6/6
  3019 | D:4      | Found a radiant altar of Vehumet.
  3035 | D:4      | Found an ancient bone altar of Kikubaaqudgha.
  3051 | D:4      | Found a shimmering blue altar of Sif Muna.
  3191 | D:4      | Upgraded the game from 0.32-a0-170-g6027059 to
                  | 0.32-a0-171-g4625e66
  3220 | D:5      | Entered Level 5 of the Dungeon
  3231 | D:5      | Noticed Edmund
  3260 | D:5      | Killed Edmund
  3261 | D:5      | Reached XP level 7. HP: 7/53 MP: 7/7
  3582 | D:5      | Reached skill level 5 in Fighting
  3582 | D:5      | Reached skill level 5 in Shields
  3594 | D:5      | Reached skill level 1 in Evocations
  3723 | D:5      | Reached skill level 1 in Maces & Flails
  3949 | D:5      | Reached skill level 5 in Armour
  4189 | D:6      | Noticed Dowan
  4193 | D:6      | Reached XP level 8. HP: 53/68 MP: 8/8
  4203 | D:6      | Noticed Duvessa
  4217 | D:6      | Killed Duvessa
  4217 | D:6      | Killed Dowan
  4218 | D:6      | Reached skill level 2 in Maces & Flails
  4218 | D:6      | Reached skill level 1 in Dodging
  4293 | D:6      | Noticed Maggie
  4309 | D:6      | Killed Maggie
  4310 | D:6      | Reached skill level 3 in Maces & Flails
  4460 | D:6      | Reached skill level 4 in Maces & Flails
  4522 | D:6      | Reached skill level 5 in Maces & Flails
  4540 | D:6      | Found a staircase to the Ecumenical Temple.
  4561 | D:6      | Reached XP level 9. HP: 41/75 MP: 9/9
  4579 | Temple   | Entered the Ecumenical Temple
  4838 | D:6      | Reached skill level 6 in Maces & Flails
  4863 | D:6      | Found a snail-covered altar of Cheibriados.
  4893 | D:6      | Noticed Eustachio
  4918 | D:6      | Killed Eustachio
  5020 | D:6      | Noticed Menkaure
  5029 | D:6      | Killed Menkaure
  5159 | D:6      | Found a glowing golden altar of the Shining One.
  5166 | D:6      | Became a worshipper of the Shining One
  5357 | D:7      | Identified a scroll of acquirement
  5357 | D:7      | Acquired 407 gold pieces
  5360 | D:7      | Found a one-way gate to the infinite horrors of the Abyss.
  5380 | D:7      | Found a burning altar of Makhleb.
  5380 | D:7      | Found an opulent altar of Gozag.
  5381 | D:7      | Found a bloodstained altar of Trog.
  5529 | D:7      | Found a corrupted altar of Lugonu.
  5695 | D:7      | Reached skill level 7 in Maces & Flails
  6244 | D:8      | Identified the +4 dagger "Puckagia" {freeze, Int-4 Dex+4}
  6297 | D:8      | Reached skill level 1 in Invocations
  6297 | D:8      | Reached XP level 10. HP: 23/84 MP: 10/10
  6481 | D:8      | Noticed Joseph
  6486 | D:8      | Found an iron altar of Okawaru.
  6496 | D:8      | Killed Joseph
  6497 | D:8      | Reached skill level 5 in Evocations
  7144 | D:8      | Reached skill level 8 in Maces & Flails
  7153 | D:8      | Reached * piety under the Shining One
  7167 | D:8      | Noticed a centaur warrior
  7177 | D:8      | Killed a centaur warrior
  7717 | D:8      | Upgraded the game from 0.32-a0-171-g4625e66 to
                  | 0.32-a0-172-gc5dd13f
  8075 | D:9      | Noticed a two-headed ogre
  8101 | D:9      | Killed a two-headed ogre
  8102 | D:9      | Reached skill level 9 in Maces & Flails
  8242 | D:9      | Noticed Pikel
  8294 | D:9      | Killed Pikel
  8295 | D:9      | Reached XP level 11. HP: 60/92 MP: 14/14
  8407 | D:9      | You are sucked into a shaft and drop 3 floors!
  8410 | D:12     | Found the +4 robe of Augmentation {Str+4 Int+4 Dex+4}
  8481 | D:12     | Reached skill level 5 in Invocations
  8608 | D:11     | Noticed Psyche
  8688 | D:12     | Killed Psyche
  8819 | D:11     | Noticed Erica
  8911 | D:12     | Reached ** piety under the Shining One
  8941 | D:11     | Noticed Fannar
  8942 | D:11     | Noticed Amaemon
  9135 | D:11     | Killed Fannar
  9249 | D:12     | Noticed a cyclops
  9258 | D:12     | Killed a cyclops
  9431 | D:10     | Entered Level 10 of the Dungeon
  9455 | D:10     | Reached skill level 10 in Maces & Flails
  9972 | D:9      | Found Cotoullul's Armour Shop.
 10400 | D:10     | Found a sparkling altar of Nemelex Xobeh.
 10710 | D:11     | Found a staircase to the Lair.
 11037 | D:11     | Found Paraku's Jewellery Shoppe.
 11075 | D:11     | Noticed a manticore
 11083 | D:11     | Killed a manticore
 11084 | D:11     | Reached XP level 12. HP: 79/101 MP: 17/17
 11750 | D:12     | Found a staircase to the Orcish Mines.
 11831 | D:12     | Identified the +10 great sword "Ifeapp" {holy, rC+}
 11891 | D:12     | Killed Amaemon
 12025 | D:12     | Killed Erica
 12385 | D:13     | Noticed a centaur warrior
 12395 | D:13     | Reached *** piety under the Shining One
 12396 | D:13     | Reached skill level 5 in Dodging
 12402 | D:13     | Killed a centaur warrior
 12481 | D:13     | Noticed a four-headed hydra
 12494 | D:13     | Killed a four-headed hydra
 12495 | D:13     | Reached skill level 11 in Maces & Flails
 12585 | D:13     | Noticed a soul eater
 13001 | D:13     | Incinerated by a deep elf pyromancer

Illustrated notes

Levels and vault maps discovered:
D:1:      roderic_dead_forest, layout_rooms, patterned_corridor
D:2:      layout_basic
D:3:      layout_basic, chequers_ecumenical_altar_twisty, minmay_fountain_box,
          uniq_crazy_yiuf_cottage
D:4:      layout_loops_ring, palyth_temple_overflow_mages
D:5:      layout_loops_ring, uniq_edmund
D:6:      layout_loops_cross, mainiacjoe_overflow_tiny_flanked,
          cheibriados_altar_1, minmay_temple_entry_antechambers,
          minmay_misc_feat_square, chequers_serial_rivers_room_b,
          minmay_misc_feat_roman, uniq_menkaure, uniq_duvessa, uniq_eustachio,
          uniq_maggie
D:7:      layout_basic, chequers_temple_overflow_statue_of_worship,
          amcnicky_altar_lugonu_corruption
D:8:      layout_basic, okawaru_trees_2, special_room [special_room_orc],
          minmay_small_thing, uniq_joseph
D:9:      lemuel_slime, layout_loops_cross, serial_shops, kennysheep_mini,
          uniq_pikel
D:10:     layout_basic, nemelex_spade_bored_becter
D:11:     layout_irregular_city, minmay_lair_entry_grove, serial_bayou,
          serial_bayou_pond_a, serial_bayou_shore_a, serial_bayou_pond_e,
          serial_bayou_pond_d, serial_shops, shop, uniq_erica, uniq_psyche,
          uniq_fannar, uniq_amaemon
D:12:     layout_long_grid, orc_0_dummy, minivault_4, st_stairs_10,
          chequers_garden
D:13:     minmay_nested_s, layout_gridville
Temple:   nicolae_temple_no_exploring_needed

Skill      XL: |  1  2  3  4  5  6  7  8  9 10 11 12 |
---------------+-------------------------------------+-----
Axes           | 3 4 5 6 7 |  7.5
Fighting       | 4 5 6 7 8 9 |  9.1
Armour         | 4 5 6 7 8 |  8.4
Shields        | 4 5 6 7 8 |  8.9
Evocations     | 1 3 4 6 7 |  7.9
Maces & Flails | 1 5 7 9 10 11 | 11.1
Dodging        | 1 2 3 4 5 |  5.5
Invocations    | 1 4 6 8 |  8.2
Stealth        | |  0.8

Action                     |  1- 3 |  4- 6 |  7- 9 | 10-12 || total
---------------------------+-------+-------+-------+-------++-------
  Melee: War axe           |    65 |   139 |       |       ||   204
         Flail             |       |       |   332 |   624 ||   956
  Throw: Boomerang         |       |       |       |     6 ||     6
  Evoke: Wand              |       |       |     7 |    27 ||    34
    Use: Scroll            |       |    10 |     3 |    11 ||    24
         Potion            |       |     2 |       |    11 ||    13
 Armour: Scale mail        |    57 |    79 |       |       ||   136
         Chain mail        |       |       |   223 |    63 ||   286
         Plate armour      |       |       |       |   456 ||   456
         Skin              |       |       |       |     4 ||     4
  Dodge: Dodged            |    34 |    46 |    87 |   180 ||   347
  Block: Buckler           |    23 |    62 |   186 |   374 ||   645
         Reflection        |       |     2 |     9 |    14 ||    25

Table legend: (Time is in decaauts)
 A = Elapsed time spent in this place.
 B = Non-inter-level travel time spent in this place.
 C = Inter-level travel time spent in this place.
 D = Time resting spent in this place.
 E = Time spent auto-exploring this place.
 F = Levels seen in this place.
 G = Mean time per level.
                   A        B        C        D        E       F      G
               +--------+--------+--------+--------+--------+-----+--------+
         Total |  13058 |  13058 |      0 |    779 |   7582 |  14 |  932.7 |
       Dungeon |  13056 |  13056 |      0 |    779 |   7582 |  13 | 1004.3 |
        Temple |      1 |      1 |      0 |      0 |      0 |   1 |    1.0 |
               +--------+--------+--------+--------+--------+-----+--------+

Top non-repeatable levels by time:
    D:12: 1812 daAuts
     D:8: 1597 daAuts
     D:6: 1250 daAuts
     D:9: 1182 daAuts
     D:3: 1155 daAuts
     D:7: 916 daAuts
     D:5: 881 daAuts
     D:4: 840 daAuts
    D:11: 839 daAuts
     D:2: 730 daAuts
    D:13: 663 daAuts
    D:10: 638 daAuts
     D:1: 546 daAuts
  Temple: 1 daAuts
